 Dungeon Crawl Stone Soup version 0.27-a0-1219-g958d993ae5 (webtiles) character file.

Game seed: 10657871976764403974

7 polve the Skirmisher (level 1, -1/18 HPs)
             Began as a Demonspawn Abyssal Knight on June 6, 2021.
             Was an Initiate of Lugonu.
             Succumbed to an adder's poison
             ... on level 1 of the Dungeon.
             The game lasted 00:00:33 (624 turns).

polve the Skirmisher (Demonspawn Abyssal Knight)     Turns: 624, Time: 00:00:34

Health: -1/18      AC:  3    Str: 12    XL:     1   Next: 83%
Magic:  2/2        EV: 11    Int: 13    God:    Lugonu [......]
Gold:   11         SH:  0    Dex: 10    Spells: 0/0 levels left

rFire    . . .     SeeInvis .   a - +1 short sword
rCold    . . .     Faith    .   (no shield)
rNeg     . . .     Spirit   .   b - +0 leather armour
rPois    .         Reflect  .   (helmet restricted)
rElec    .         Harm     .   (no cloak)
rCorr    .         Rampage  .   (no gloves)
Will     .....     Clarity  +   (no boots)
Stlth    +.........             (no amulet)
HPRegen  0.06/turn              (no ring)
MPRegen  0.08/turn              (no ring)

@: lethally poisoned (-1 -> -9)
A: horns 1, clarity, clumsy 1, subdued magic 1
a: Renounce Religion


You were on level 1 of the Dungeon.
You worshipped Lugonu.
Lugonu was noncommittal.
You visited 1 branch of the dungeon, and saw 2 of its levels.
You visited the Abyss 1 time.

You collected 11 gold pieces.

Inventory:

Hand Weapons
 a - a +1 short sword (weapon)
Armour
 b - a +0 leather armour (worn)
Scrolls
 d - a scroll of immolation {unknown}


   Skills:
 - Level 3.0 Fighting
 + Level 2.4 Short Blades
 - Level 1.7 Armour
 - Level 0.8 Dodging
 - Level 2.4 Invocations


You couldn't memorise any spells.
You didn't know any spells.
Your spell library was empty.

Dungeon Overview and Level Annotations

Branches:
Dungeon (2/15)

Altars:


Innate Abilities, Weirdness & Mutations

You have a pair of small horns on your head.
You possess an exceptional clarity of mind.
You are clumsy. (Dex -2)
Your spells are a little easier to cast, but a little less powerful.


Message History

The adder is lightly wounded.
The adder bites you.
You are poisoned.
The adder poisons you!
You hit the adder.
The adder is lightly wounded.
You feel sick. The adder barely misses you.
You miss the adder.
The adder is lightly wounded.
You feel sick. The adder barely misses you.
You hit the adder.
The adder is severely wounded.
You feel sick. The adder bites you. x2
You barely miss the adder.
The adder is heavily wounded.
You feel sick.
You are no longer poisoned.
The adder bites you.
* * * LOW HITPOINT WARNING * * *
You miss the adder.
The adder is heavily wounded.
The adder barely misses you.
You closely miss the adder.
The adder is heavily wounded.
The adder closely misses you. The adder bites you but does no damage.
You barely miss the adder.
The adder is heavily wounded.
The adder bites you but does no damage.
You closely miss the adder.
The adder is heavily wounded.
The adder bites you.
* * * LOW HITPOINT WARNING * * *
You are lethally poisoned!
The adder poisons you!
There is a lethal amount of poison in your body!
Okay, then.
It was a potion of mutation.
You feel extremely strange.
You feel clumsy.
Your connection to magic feels subdued.
A pair of horns grows on your head!
Your thoughts seem clearer.
You die...

.... ... ...
#.. #.# ####
#.# .....
####.#......
#.[S@.......
#..>.#......
#....# .....
#....# ....
#....# ...
.....# ..
.....## .
......


You could see an adder.

Vanquished Creatures
  A ball python (D:1)
  A bat (D:1)
  An endoplasm (D:2)
  2 kobolds (D:1)
  2 rats (D:1)
7 creatures vanquished.

Notes
Turn   | Place    | Note
-------+----------+-------------------------------------------
     0 | Abyss:1  | polve the Demonspawn Abyssal Knight began the quest for the
                  | Orb.
     0 | Abyss:1  | Reached XP level 1. HP: 18/18 MP: 2/2
   125 | Abyss:1  | Noticed a small abomination
   143 | Abyss:1  | Noticed a freezing wraith
   152 | Abyss:1  | Noticed a basilisk
   155 | D:1      | Escaped the Abyss
   484 | D:1      | You fall into a shaft and drop 1 floor!
   624 | D:1      | Gained mutation: You are clumsy. (Dex -2) [potion of
                  | mutation]
   624 | D:1      | Gained mutation: Your spells are a little easier to cast,
                  | but a little less powerful. [potion of mutation]
   624 | D:1      | Gained mutation: You have a pair of small horns on your
                  | head. [potion of mutation]
   624 | D:1      | Gained mutation: You possess an exceptional clarity of
                  | mind. [potion of mutation]
   624 | D:1      | Succumbed to an adder's poison

Illustrated notes

Levels and vault maps discovered:
D:1:      dpeg_arrival_shelter, layout_basic,
          shapermc_ecumenical_altar_mp_urbaneastern
D:2:      layout_rooms

Skill      XL: |  1 |
---------------+----+-----
Short Blades   | 2 |  2.4
Fighting       | |  3.0
Armour         | |  1.7
Dodging        | |  0.8
Invocations    | |  2.4

Action                   || total
-------------------------++-------
Melee: Short sword       ||    37
Invok: Depart the Abyss  ||     1
  Use: Potion            ||     1
Armor: Leather armour    ||    13
Dodge: Dodged            ||    30

Table legend: (Time is in decaauts)
 A = Elapsed time spent in this place.
 B = Non-inter-level travel time spent in this place.
 C = Inter-level travel time spent in this place.
 D = Time resting spent in this place.
 E = Time spent auto-exploring this place.
 F = Levels seen in this place.
 G = Mean time per level.
                   A        B        C        D        E       F      G
               +--------+--------+--------+--------+--------+-----+--------+
         Total |    624 |    624 |      0 |      0 |    500 |   3 |  208.0 |
       Dungeon |    469 |    469 |      0 |      0 |    375 |   2 |  234.5 |
         Abyss |    155 |    155 |      0 |      0 |    125 |   1 |  155.0 |
               +--------+--------+--------+--------+--------+-----+--------+

Top non-repeatable levels by time:
     D:1: 339 daAuts
 Abyss:1: 155 daAuts
     D:2: 129 daAuts
